 Dungeon Crawl Stone Soup version 0.29-a0-72-g1732ff48e7 (webtiles) character file.

Game seed: 13325838640602514016

65 esteth the Caller (level 3, -3/14 HPs)
             Began as a Felid Summoner on Feb 3, 2022.
             Was a Follower of Cheibriados.
             Slain by an orc (9 damage)
             ... on level 3 of the Dungeon.
             The game lasted 00:05:59 (3090 turns).

esteth the Caller (Felid Summoner)                  Turns: 3090, Time: 00:06:00

Health: -3/14      AC:  1    Str:  6    XL:     3   Next: 94%
Magic:  4/8        EV: 21    Int: 20    God:    Cheibriados [*.....]
Gold:   19         SH:  0    Dex: 18    Spells: 1/7 levels left
                                        Lives:  0   Deaths: 0

rFire   . . .      SeeInvis +   (weapon unavailable)
rCold   . . .      Faith    .   (shield unavailable)
rNeg    . . .      Spirit   .   (armour unavailable)
rPois   .          Reflect  .   (helmet unavailable)
rElec   .          Harm     .   (cloak unavailable)
rCorr   .          Rampage  .   (gloves unavailable)
Will    .....                   (boots unavailable)
Stlth   +++.......              (no amulet)
HPRegen 0.04/turn               d - +4 ring of evasion
MPRegen 0.11/turn               (no ring)

@: slow
A: very small, claws 1, fangs 3, see invisible, speed 1, shaggy fur 1, stealthy
paws, no weapons or thrown items, no armour, multi-lived
a: Renounce Religion, Bend Time


You were on level 3 of the Dungeon.
You worshipped Cheibriados.
Cheibriados was aware of your devotion.
You visited 1 branch of the dungeon, and saw 3 of its levels.

You collected 59 gold pieces.
You spent 40 gold pieces at shops.

Inventory:

Jewellery
 d - a +4 ring of evasion (left paw)
Scrolls
 a - 2 scrolls of identify {unknown}
 b - 2 scrolls of immolation {unknown}
 c - a scroll of teleportation {unknown}
 e - a scroll of noise {unknown}
 f - a scroll of holy word {unknown}
Potions
 h - a potion of curing


   Skills:
 - Level 2.6 Dodging
 + Level 4.1 Stealth
 + Level 2.8 Spellcasting
 + Level 4.5 Summonings


You had one spell level left.
You knew the following spells:

 Your Spells              Type           Power      Damage    Failure   Level
a - Summon Small Mammal   Summ           84%        N/A       2%          1
b - Call Imp              Summ           21%        N/A       3%          2
c - Call Canine Familiar  Summ           21%        N/A       7%          3

Your spell library contained the following spells:

 Spells                   Type           Power      Damage    Failure   Level
 Summon Guardian Golem    Hex/Summ       11%        N/A       17%         3
 Summon Lightning Spire   Summ/Air       11%        N/A       50%         4


Dungeon Overview and Level Annotations

Branches:
Dungeon (3/15)

Altars:
Cheibriados
Nemelex Xobeh

Shops:
D:3 !


Innate Abilities, Weirdness & Mutations

You have sharp claws.
You have razor-sharp teeth.
You have supernaturally acute eyesight. (SInv)
You cover ground quickly. (Speed+)
You are covered in fur. (AC +1)
Your paws help you pounce on unaware monsters.
You are incapable of wielding weapons or throwing items.
You cannot wear armour.
You gain extra lives every three experience levels.


Message History

You open the door.
An orc comes into view. It is wielding a +0 flail.
Found a scroll labelled BICUMA ITARI.
An orc is nearby!
There is an open door here.
The orc shouts!
The orc completely misses you.
You scratch the orc but do no damage. The orc closely misses you.
Casting: Summon Small Mammal (safe; 2% risk of failure)
Confirm with . or Enter, or press ? or * to list all spells.
A beastly little devil appears in a puff of flame.
Your crimson imp says, "You called?"
The orc misses you.
Casting: Call Imp (safe; 3% risk of failure)
Confirm with . or Enter, or press ? or * to list all spells.
The orc misses you.
Casting: Summon Small Mammal (safe; 2% risk of failure)
Confirm with . or Enter, or press ? or * to list all spells.
Your bat completely misses the orc.
The orc completely misses you.
You scratch the orc.
The orc is lightly wounded.
Your bat barely misses the orc.
The orc hits you with a +0 flail.
Your crimson imp barely misses the orc.
Your rat bites the orc but does no damage.
You scratch the orc but do no damage.
The orc is lightly wounded.
Your bat barely misses the orc.
The orc closely misses you.
Your crimson imp hits the orc but does no damage.
Your rat barely misses the orc.
You scratch the orc but do no damage.
The orc is lightly wounded.
Your bat hits the orc.
Your crimson imp barely misses the orc.
The orc hits you with a +0 flail.
Your rat bites the orc but does no damage.
You scratch the orc. You bite the orc.
The orc is heavily wounded.
Your bat hits the orc but does no damage.
The orc hits you with a +0 flail!
Ouch! That really hurt!
You die...

#'#...........# #.#
+∩+.#####.###.# #.#
#'### #.###.###.# #..#
#.........# ##.#
#####.##### ##'##
#.....# ##...## #...#.#
##.....## #.....# #
#....r@.# ##.##.## #
#?....5o..####...#.#####
+......b..+.............
#.........####...#.#####
##.......## ##.##.# #
##.....## ####.# #
##...## ... # ##+# ... #
#...# #


You could see an orc (ally target), a friendly crimson imp (summoned), a
friendly bat (summoned) and a friendly rat (summoned).

Vanquished Creatures
  2 adders (D:2)
  A ball python (D:1)
  2 giant cockroaches (D:1)
  2 goblins (D:2)
  3 bats
  A frilled lizard (D:1)
  2 rats
13 creatures vanquished.

Vanquished Creatures (collateral kills)
  An adder (D:3)
  A dart slug (D:1)
  2 bats
  2 endoplasms
  2 giant cockroaches
  A goblin (D:2)
  3 hobgoblins
  A kobold (D:1)
  A quokka (D:1)
  3 ball pythons (D:1)
  4 rats
21 creatures vanquished.

Grand Total: 34 creatures vanquished

Notes
Turn   | Place    | Note
-------+----------+-------------------------------------------
     0 | D:1      | esteth the Felid Summoner began the quest for the Orb.
     0 | D:1      | Reached XP level 1. HP: 7/7 MP: 4/4
   477 | D:1      | Reached XP level 2. HP: 11/11 MP: 4/6
  1344 | D:1      | Learned a level 2 spell: Call Imp
  1586 | D:2      | Found a sparkling altar of Nemelex Xobeh.
  1586 | D:2      | You fall into a shaft and drop 1 floor!
  1804 | D:2      | Reached XP level 3. HP: 14/14 MP: 2/7
  2020 | D:2      | Found a faded altar of an unknown god.
  2271 | D:2      | Prayed at the altar of an unknown god.
  2271 | D:2      | Became a worshipper of Cheibriados the Contemplative
  2271 | D:2      | Reached * piety under Cheibriados
  2570 | D:2      | Learned a level 3 spell: Call Canine Familiar
  3070 | D:3      | Found Pacry's Distillery.
  3073 | D:3      | Bought a potion of degeneration for 10 gold pieces
  3073 | D:3      | Bought a potion of curing for 30 gold pieces
  3090 | D:3      | Slain by an orc

Illustrated notes

Levels and vault maps discovered:
D:1:      minmay_arrival_wavy_path, layout_loops_corners
D:2:      layout_basic, basic_ecumenical_altar, basic_altar,
          hangedman_decor_push
D:3:      layout_loops_corners, serial_shops, nicolae_shop_behind_doors,
          minmay_pentomino_pile, uniq_crazy_yiuf_cottage

Skill      XL: |  1  2  3 |
---------------+----------+-----
Stealth        | 3 4 |  4.1
Dodging        | |  2.6
Spellcasting   | |  2.8
Summonings     | |  4.5

Action                   || total
-------------------------++-------
Melee: Unarmed           ||    49
       Bite              ||     6
 Cast: Summon Small Mamm ||    28
       Call Imp          ||     7
 Stab: Sleeping          ||     7
       Distracted        ||     1
Armor: Skin              ||     1
Dodge: Dodged            ||    88

Table legend: (Time is in decaauts)
 A = Elapsed time spent in this place.
 B = Non-inter-level travel time spent in this place.
 C = Inter-level travel time spent in this place.
 D = Time resting spent in this place.
 E = Time spent auto-exploring this place.
 F = Levels seen in this place.
 G = Mean time per level.
                   A        B        C        D        E       F      G
               +--------+--------+--------+--------+--------+-----+--------+
         Total |   2898 |   2716 |    182 |    268 |   2105 |   3 |  966.0 |
       Dungeon |   2898 |   2716 |    182 |    268 |   2105 |   3 |  966.0 |
               +--------+--------+--------+--------+--------+-----+--------+

Top non-repeatable levels by time:
     D:1: 1406 daAuts
     D:2: 1068 daAuts
     D:3: 423 daAuts
